 Dungeon Crawl Stone Soup version 0.17.0-26-gececa24 (console) character file.

296 gw the Cutter (level 5, -2/45 HPs)
             Began as a Demigod Artificer on Nov 19, 2015.
             Slain by an ogre
             ... wielding a +0 giant spiked club
              (31 damage)
             ... on level 4 of the Dungeon.
             The game lasted 00:03:44 (4692 turns).

gw the Cutter (Demigod Artificer)                   Turns: 4692, Time: 00:03:44

Health: -2/45      AC: 10    Str: 14      XL:     5   Next: 86%
Magic:  9/9        EV:  4    Int: 14 (16) God:
Gold:   194        SH:  0    Dex: 18      Spells: 0 memorised, 4 levels left

rFire  . . .     SeeInvis .     b - +0 rapier
rCold  . . .     Clarity  .     a - +0 plate armour
rNeg   . . .     SustAt   +     (no shield)
rPois  .         Gourm    .     (no helmet)
rElec  .         Spirit   .     (no cloak)
rCorr  .         Warding  .     (no gloves)
rMut   .         Stasis   .     (no boots)
MR     .....                    (no amulet)
Stlth  ..........               (no ring)
                                (no ring)

@: very slightly contaminated, hasted, very quick, not resistant to hostile
enchantments, extremely unstealthy
A: high mp 1, sustain attributes
a: no special abilities


You were on level 4 of the Dungeon.
You were hungry.

You visited 1 branch of the dungeon, and saw 4 of its levels.

You collected 194 gold pieces.

Inventory:

Hand Weapons
 b - a +0 rapier (weapon)
Missiles
 h - 79 stones (quivered)
Armour
 a - a +0 plate armour (worn)
Wands
 c - a wand of flame (10)
 d - a wand of enslavement (10)
 e - a wand of random effects (10)
Scrolls
 f - 2 scrolls of remove curse
 k - 6 scrolls of identify
Potions
 g - a potion of haste
 m - a potion of curing
Comestibles
 l - a meat ration
 q - a bread ration


   Skills:
 + Level 3.1 Fighting
 * Level 3.1 Short Blades
 + Level 2.2 Throwing
 + Level 2.1 Armour
 - Level 1.7 Dodging
 - Level 0.8 Stealth
 - Level 2.6 Evocations


You had 4 spell levels left.
You didn't know any spells.

Dungeon Overview and Level Annotations

Branches:
Dungeon (4/15)
 Temple: D:4-7


Innate Abilities, Weirdness & Mutations

You have an increased reservoir of magic (+10% MP).
Your attributes are resistant to harm.


Message History

Aim: an ogre, wielding a giant spiked club (heavily wounded)
You throw a stone. The stone hits the ogre.
The ogre is heavily wounded.
Attempting RANGED ATTACK TO (0,-2) Throwing (i - inventory):
h - 81 stones (quivered)
Press: ? - help, Shift-Dir - straight line, f/p - ogre
Aim: an ogre, wielding a giant spiked club (heavily wounded)
You throw a stone. The stone barely misses the ogre.
KIIIITING; MOVING TO (0,1) Attempting RANGED ATTACK TO (0,-2) Throwing (i - inventory):
h - 80 stones (quivered)
Press: ? - help, Shift-Dir - straight line, f/p - ogre
Aim: an ogre, wielding a giant spiked club (heavily wounded)
You throw a stone.
The stone hits the ogre but does no damage.
The ogre is heavily wounded.
KIIIITING; MOVING TO (2,0)
The ogre hits you with a giant spiked club!!
Ouch! That really hurt!
You die...

#.# #(#
###.###########.#
.(.(.(.((..(..(.#
###.###########.# #.#
#.#
###.###########(####.#
............[..(...>.#
###'#######.###O###..###
..........#.# #.p.......
..........#.# #####..###
..........#.# #
..........#.#
..........#'######
###+##(..........#
#(..........+
##+##...........#
##..........######


You could see an ogre.

Table legend:
 A = Turns spent in this place as a percentage of turns spent in the entire game.
 B = Non-inter-level travel turns spent in this place as a percentage of non-inter-level travel turns spent in the entire game.
 C = Inter-level travel turns spent in this place as a percentage of turns spent in this place.
 D = Turns resting spent in this place as a percentage of non-inter-level travel turns spent in this place.
 E = Turns spent auto-exploring this place as a percentage of non-inter-level travel turns spent in this place.
 F = Non-inter-level travel turns spent in this place divided by the number of levels of this place that you've seen.
                   A       B       C       D       E      F
               +-------+-------+-------+-------+-------+----------------------
         Total | 100.0 | 100.0 |   0.3 |   1.0 |   2.2 | 1658.2
       Dungeon | 100.0 | 100.0 |   0.3 |   1.0 |   2.2 | 1658.2
               +-------+-------+-------+-------+-------+----------------------

Table legend:
 A = Kills in this place as a percentage of kills in entire the game.
 B = Kills by you in this place as a percentage of kills by you in the entire game.
 C = Kills by friends in this place as a percentage of kills by friends in the entire game.
 D = Other kills in this place as a percentage of other kills in the entire game.
 E = Experience gained in this place as a percentage of experience gained in the entire game.
 F = Experience gained in this place divided by the number of levels of this place that you have seen.
                   A       B       C       D       E      F
               +-------+-------+-------+-------+-------+----------------------
         Total | 100.0 | 100.0 | 100.0 | 100.0 | 100.0 | 105.8
       Dungeon | 100.0 | 100.0 | 100.0 | 100.0 | 100.0 | 105.8
               +-------+-------+-------+-------+-------+----------------------

Vanquished Creatures
  A wight (D:3)
  2 hounds
  A worker ant (D:4)
  9 adders
  2 oozes
  2 adder skeletons (D:4)
  A worm (D:3)
  4 giant geckos
  2 orcs (D:3)
  7 bats
  3 giant cockroaches (D:1)
  5 goblins
  3 hobgoblins
  3 jackals (D:4)
  2 ball pythons
  5 giant newts
  12 kobolds
  2 rats
66 creatures vanquished.

Vanquished Creatures (collateral kills)
  An adder (D:3)
1 creature vanquished.

Vanquished Creatures (others)
  3 wights (D:3)
  A giant cockroach (D:1)
  A plant (D:1)
5 creatures vanquished.

Grand Total: 72 creatures vanquished

Notes
Turn   | Place    | Note
--------------------------------------------------------------
     0 | D:1      | gw the Demigod Artificer began the quest for the Orb.
     0 | D:1      | Reached XP level 1. HP: 15/15 MP: 5/5
    26 | D:1      | Reached skill level 1 in Fighting
   578 | D:1      | Reached XP level 2. HP: 21/23 MP: 6/6
   914 | D:1      | Reached skill level 1 in Throwing
  1056 | D:1      | Reached XP level 3. HP: 15/29 MP: 7/7
  1574 | D:2      | Reached skill level 1 in Short Blades
  1606 | D:2      | Reached skill level 1 in Armour
  2071 | D:2      | Found a burning altar of Makhleb.
  2289 | D:3      | Reached XP level 4. HP: 37/37 MP: 8/8
  2821 | D:3      | Found a blossoming altar of Fedhas.
  3391 | D:3      | Reached XP level 5. HP: 33/44 MP: 9/9
  3507 | D:3      | Reached skill level 3 in Fighting
  4633 | D:4      | Noticed an ogre
  4692 | D:4      | Slain by an ogre

Action                   |  1- 3 |  4- 6 || total
-------------------------+-------+-------++-------
Melee: Short sword       |    91 |       ||    91
       Dagger            |    46 |       ||    46
       Rapier            |     6 |   157 ||   163
Throw: Tomahawk          |    38 |    14 ||    52
       Stone             |    63 |    47 ||   110
Evoke: Wand              |     6 |     9 ||    15
  Use: Scroll            |     7 |     2 ||     9
       Potion            |     5 |     4 ||     9
 Stab: Sleeping          |     1 |       ||     1
  Eat: Bread ration      |     1 |       ||     1
       Chunk             |       |     8 ||     8

Vault maps used:
D:1:      lemuel_arrival_muddy, corexii_corridor_pit, lexackson_kobold_supper
D:2:      nicolae_overflow_crystal_walls
D:3:      fedhas_altar_3, first_bread
D:4:      minitemple, minmay_temple_entry_statues, uniq_menkaure
